cohdb
Replays
Latest Replays
All Replays
Popular Replays
Top Player Replays
Match Explorer
How It Works
Community
CoH3 Stats
Reddit
Sign in to upload your games and track your stats! →
Sign in with Steam
Match 20512183
Unlisted
Match 20512183
Overview
Messages
Build Orders
End
Vickers Machine Gun Team
Construct Section Command Post
Infantry Section
Dingo Light Scout Car
Construct Platoon Command Post
Humber Armored Car
Infantry Section
Infantry Section
CMP 15cwt Truck
6-pounder Anti-tank Gun Team
Construct Company Command Post
Matilda II Heavy Tank
Selects Indian Artillery Battlegroup
Selects Valour
Selects Gurkha Rifles Section
Selects Volunteer Infantry
Foot Guards Section
Selects Artillery Saturation
Matilda II Heavy Tank
Foot Guards Section
Selects Off-map Airburst Barrage
Matilda II Heavy Tank
Off-map Airburst Barrage
SneaKerz
gb_gbg
MaximusTheAverage
Rorchach
0
0
Comments
sign in to comment!
No comments posted yet!